Map: King Sejong Station LE

Players

Fropez - Winner!

  • Race: Protoss Protoss
  • League: Silver
  • Spawn Location: 11:00

Ares

  • Race: Protoss Protoss
  • League: Silver
  • Spawn Location: 5:00

VOD

Have the link to the VOD?

Description

Time

  • Played on: May 29, 2016, 12:28 a.m.
  • Length: 16:57
Show
View Real Time Build Order
Export as new Build Order

Fropez Protoss - Winner!

Build Orders:  

Get SALT Encoding   

  12  0:01  Probe (Chrono Boost)  
  13  0:11  Probe (Chrono Boost)  
  14  0:20  Pylon  
  15  0:28  Probe (Chrono Boost)  
  15  0:42  Gateway  
  15  0:53  Probe (Chrono Boost)  
  15  0:55  Pylon  
  17  1:04  Probe (Chrono Boost)  
  17  1:13  Assimilator  
  17  1:15  Probe (Chrono Boost)  
  17  1:17  Assimilator  
  18  1:29  Cybernetics Core  
  18  1:34  Gateway  
  18  1:41  Probe (Chrono Boost)  
  18  1:42  Pylon  
  19  1:51  Probe (Chrono Boost)  
  20  1:57  Pylon  
  20  2:02  Probe (Chrono Boost)  
  21  2:13  Mothership Core (Chrono Boost)  
  21  2:15  Warp Gate (Chrono Boost)  
  23  2:24  Stalker  
  25  2:30  Pylon  
  25  2:31  Probe (Chrono Boost)  
  26  2:41  Probe (Chrono Boost)  
  26  2:44  Stalker  
  29  2:52  Probe (Chrono Boost)  
  29  2:58  Stalker  
  32  3:03  Probe (Chrono Boost)  
  32  3:13  Probe (Chrono Boost)  
  32  3:18  Robotics Facility  
  33  3:23  Probe (Chrono Boost)  
  33  3:25  Stalker  
  36  3:35  Probe  
  37  3:47  Probe  
  38  3:52  Gateway  
  38  3:59  Probe  
  39  4:05  Twilight Council, Observer  
  40  4:11  Probe  
  41  4:23  Probe  
  42  4:25  Nexus  
  42  4:28  Zealot  
  44  4:35  Probe  
  45  4:41  Blink (Chrono Boost)  
  45  4:48  Probe  
  46  4:56  Pylon  
  46  5:00  Probe  
  47  5:09  Stalker x2  
  47  5:12  Probe  
  52  5:20  Stalker  
  54  5:28  Probe  
  55  5:33  Stalker x2  
  59  5:37  Probe  
  59  5:41  Probe  
  59  6:05  Pylon  
  59  6:06  Probe  
  59  6:07  Probe  
  59  6:08  Pylon  
  61  6:12  Stalker x3  
  67  6:23  Probe  
  67  6:24  Probe  
  67  6:25  Assimilator  
  69  6:29  Assimilator  
  69  6:37  Stalker x3  
  75  6:42  Probe  
  75  6:43  Probe  
  77  6:56  Pylon  
  77  6:57  Pylon  
  77  7:01  Observer  
  78  7:05  Stalker x2  
  78  7:06  Stalker  
  84  7:12  Gateway  
  84  7:14  Pylon  
  84  7:18  Forge  
  82  7:51  Stalker x3  
  76  8:36  Stalker x2  
  76  8:37  Stalker  
  74  8:43  Gateway  
  74  8:47  Gateway  
  74  8:51  Probe, Dark Shrine  
  74  8:52  Probe  
  74  8:53  Gateway  
  77  8:56  Observer  
  77  9:01  Nexus  
  77  9:04  Assimilator  
  77  9:08  Assimilator  
  77  9:10  Pylon  
  77  9:12  Pylon  
  77  9:21  Stalker x2  
  77  9:22  Stalker  
  83  9:29  Protoss Ground Weapons Level 1 (Chrono Boost)  
  83  9:51  Probe, Stalker x3  
  83  9:52  Probe  
  91  10:10  Forge  
  91  10:12  Pylon  
  91  10:15  Gateway, Stalker x3  
  91  10:16  Stalker x4  
  95  11:03  Stalker x4  
  95  11:04  Stalker x3  
  81  11:15  Gateway  
  81  11:19  Gateway  
  81  11:21  Gateway  
  81  11:24  Pylon  
  81  11:37  Stalker  
  81  11:38  Stalker x6  
  95  11:41  Probe x2  
  95  11:42  Probe  
  96  11:50  Protoss Ground Weapons Level 2 (Chrono Boost)  
  96  12:08  Protoss Ground Armor Level 1 (Chrono Boost)  
  96  12:13  Probe x2  
  96  12:15  Probe  
  99  12:18  Stalker x3  
  99  12:19  Stalker x2  
  109  12:27  Probe  
  104  12:49  Stalker  
  104  12:50  Stalker x5  
  104  12:51  Stalker  
  102  13:02  Nexus  
  100  13:05  Assimilator  
  100  13:09  Pylon  
  100  13:12  Assimilator  
  88  13:51  Dark Templar x5  
  88  13:52  Dark Templar x3  
  104  13:56  Probe x2  
  104  13:57  Probe  
  107  14:29  Stalker x5  
  107  14:30  Stalker x3  
  123  14:55  Stalker x6  
  123  14:56  Stalker x5  
  141  15:54  Stalker x7  
  141  15:55  Stalker x4  
  163  16:04  Gateway  
  163  16:07  Pylon, Gateway  
  161  16:18  Warp Prism  
Show
View Real Time Build Order
Export as new Build Order

Ares Protoss 

Build Orders:  

Get SALT Encoding   

  12  0:02  Probe (Chrono Boost)  
  13  0:12  Probe (Chrono Boost)  
  14  0:22  Pylon  
  14  0:28  Assimilator  
  14  0:32  Probe (Chrono Boost)  
  15  0:43  Probe (Chrono Boost)  
  15  0:49  Gateway  
  16  1:01  Pylon, Probe (Chrono Boost)  
  16  1:02  Assimilator  
  17  1:12  Probe (Chrono Boost)  
  18  1:22  Probe (Chrono Boost)  
  20  1:33  Probe (Chrono Boost)  
  20  1:43  Cybernetics Core  
  20  1:48  Pylon  
  20  1:51  Probe (Chrono Boost)  
  21  1:59  Zealot  
  23  2:11  Nexus  
  23  2:17  Pylon  
  23  2:20  Mothership Core (Chrono Boost)  
  25  2:38  Robotics Facility  
  25  2:41  Probe (Chrono Boost)  
  26  2:46  Stalker  
  28  2:55  Probe (Chrono Boost)  
  29  3:00  Assimilator  
  29  3:04  Assimilator  
  30  3:05  Probe (Chrono Boost)  
  30  3:13  Pylon  
  30  3:30  Probe x2 (Chrono Boost), Stargate  
  32  3:40  Probe x2 (Chrono Boost)  
  34  3:50  Forge, Protoss Air Weapons Level 1  
  34  3:51  Probe x2 (Chrono Boost)  
  36  4:07  Observer  
  37  4:13  Stalker  
  39  4:19  Oracle  
  42  4:30  Probe x2 (Chrono Boost)  
  44  4:34  Protoss Shields Level 1 (Chrono Boost)  
  44  4:40  Probe (Chrono Boost)  
  44  4:41  Probe (Chrono Boost)  
  44  4:43  Adept  
  48  4:55  Phoenix  
  50  5:02  Probe x2  
  52  5:19  Immortal  
  52  5:20  Void Ray  
  60  5:29  Protoss Air Armor Level 1  
  60  5:59  Immortal  
  60  6:03  Void Ray  
  68  6:57  Fleet Beacon  
  68  7:01  Twilight Council  
  68  7:05  Probe  
  69  7:19  Pylon  
  69  7:23  Pylon  
  69  7:26  Pylon  
  69  7:32  Observer  
  69  7:36  Stalker  
  68  8:06  Stalker  
  66  8:47  Void Ray  
  66  9:11  Pylon  
  66  9:13  Pylon  
  66  9:15  Pylon  
  66  9:21  Pylon  
  66  9:33  Mothership Core  
  66  9:34  Protoss Air Weapons Level 2  
  66  9:53  Protoss Shields Level 2 (Chrono Boost)  
  66  9:55  Tempest  
  66  9:59  Immortal  
  74  10:03  Anion Pulse-Crystals  
  74  10:04  Resonating Glaives  
  73  10:34  Nexus  
  73  10:37  Assimilator  
  73  10:38  Immortal, Tempest  
  73  10:42  Assimilator  
  71  11:16  Probe  
  71  11:17  Immortal  
  76  11:21  Phoenix  
  78  11:28  Probe  
  74  11:56  Immortal  
  74  11:59  Pylon  
  78  12:02  Pylon  
  76  12:29  Protoss Shields Level 3 (Chrono Boost)  
  76  12:36  Immortal  
  71  13:05  Mothership Core  
  73  13:12  Probe  
  73  13:15  Immortal  
  73  13:17  Tempest  
  82  13:23  Probe  
  82  13:26  Probe  
  84  13:32  Protoss Air Weapons Level 3  
  84  13:33  Probe, Dark Shrine  
  81  13:38  Probe  
  81  13:44  Probe  
  82  13:50  Probe  
  89  14:00  Tempest  
  93  14:02  Probe  
  94  14:21  Robotics Facility  
  94  14:25  Gateway  
  94  14:31  Stargate  
  94  14:58  Photon Cannon  
  94  15:02  Photon Cannon  
  94  15:13  Photon Cannon  
  94  15:17  Photon Cannon  
  84  15:43  Immortal  
  84  15:44  Immortal  
  84  15:46  Dark Templar  
  67  16:23  Observer  
Tags
 
Matchup
PvP
Replay Pack
All Mines
Spawn Locations
Cross Positions
Add a new tag
Caveats
  • Supply blocks, unpowered buildings, or Contaminate may cause inaccurate times.
  • Supply counts are checked every 10 seconds.